 Dungeon Crawl Stone Soup version 0.19.0-19-g8c6edcc (webtiles) character file.

6228 ketsa the Grappler (level 10, -3/99 (100) HPs)
             Began as a Troll Monk on Nov 12, 2016.
             Was a Priest of Uskayaw.
             Slain by a five-headed hydra (16 damage)
             ... on level 8 of the Dungeon.
             The game lasted 00:41:17 (8165 turns).

ketsa the Grappler (Troll Monk)                     Turns: 8165, Time: 00:41:18

HP:   -3/99 (100)   AC:  9    Str: 21    XL:     10   Next: 61%
MP:   12/12         EV: 14    Int:  6    God:    Uskayaw [***...]
Gold: 478           SH:  0    Dex: 15    Spells: 0 memorised, 9 levels left

rFire  + . .     SeeInvis .     d - +0 short sword (flame)
rCold  + . .     Gourm    +     A - +2 robe {rC+ rF+}
rNeg   . . .     Faith    .     (no shield)
rPois  +         Spirit   .     (helmet restricted)
rElec  .         Reflect  .     o - +1 cloak
rCorr  .         Harm     .     (gloves unavailable)
MR     .....                    (boots unavailable)
Stlth  ++........               (no amulet)
                                (no ring)
                                f - ring of poison resistance

@: no status effects
A: unfitting armour, claws 3, fast metabolism 3, gourmand, regeneration 1,
shaggy fur 1, tough skin 2
a: Stomp, Line Pass, Renounce Religion


You were on level 8 of the Dungeon.
You worshipped Uskayaw.
Uskayaw was noncommittal.
You were full.

You visited 2 branches of the dungeon, and saw 10 of its levels.
You also visited: Ossuary.

You collected 514 gold pieces.
You spent 36 gold pieces at shops.

Inventory:

Hand Weapons
 a - a +1 short sword of speed
 d - a +0 short sword of flaming (weapon)
 e - a +2 whip of electrocution
 q - a +0 trident
 r - a +1 short sword of draining
 s - a +3 dagger
 u - a +1 hunting sling
Missiles
 g - 17 tomahawks (quivered)
 k - 188 arrows
 v - 183 stones
Armour
 o - a +1 cloak (worn)
 A - a +2 robe of resistance (worn)
 L - a +2 robe of the Archmagi
Jewellery
 f - a ring of poison resistance (left claw)
Wands
 m - a wand of slowing (17/48)
 F - a wand of polymorph (17/24)
 I - a wand of lightning (5/15)
 K - a wand of confusion (30/48)
 N - a wand of slowing (38/48)
Scrolls
 h - 2 scrolls of fear
 i - 2 scrolls of enchant armour
 l - 7 scrolls of identify
 y - a scroll of fog {unknown}
 B - 5 scrolls of teleportation
 D - 2 scrolls of remove curse
 E - a scroll of noise {unknown}
 J - a scroll of random uselessness {unknown}
 Q - a scroll of magic mapping
Potions
 c - 2 potions of lignification
 j - a potion of cancellation
 n - 3 potions of curing
 w - a potion of haste
 x - 3 potions of cure mutation
 z - 3 potions of heal wounds
 G - 4 potions of agility {unknown}
 H - a potion of magic {unknown}
 M - a potion of mutation {unknown}
 O - a potion of ambrosia {unknown}
Books
 P - a book of Maledictions

   Spells                             Type                      Level
   a - Corona                         Hexes                        1
   b - Ensorcelled Hibernation        Hexes/Ice                    2
   c - Confuse                        Hexes                        3
   d - Tukima's Dance                 Hexes                        3
   e - Dazzling Spray                 Conjuration/Hexes            3
Comestibles
 b - 8 bread rations
 p - 2 royal jellies
 t - 4 meat rations
 C - a beef jerky


   Skills:
 - Level 6.8 Fighting
 + Level 0.8 Short Blades
 - Level 6.6 Dodging
 - Level 1.0 Stealth
 - Level 11.0 Unarmed Combat
 + Level 5.3 Invocations


You had 9 spell levels left.
You didn't know any spells.

Dungeon Overview and Level Annotations

Branches:
Dungeon (9/15)             Temple (1/1) D:5
   Lair: D:8-11         Orc: D:9-12

Altars:
Ashenzari
Cheibriados
Dithmenos
Elyvilon
Fedhas
Gozag
Hepliaklqana
Kikubaaqudgha
Makhleb
Nemelex Xobeh
Okawaru
Qazlal
Ru
Sif Muna
Trog
Uskayaw
Vehumet
Xom
Yredelemnul
Zin
The Shining One

Shops:
D:5 ?   D:6 (   D:7 }

Annotations:
D:2 exclusion: downstairs
D:7 1 exclusion
D:8 Joseph


Innate Abilities, Weirdness & Mutations

You are too large for most types of armour.
You have claws for hands.
Your metabolism is lightning-fast.
You like to eat raw meat.
Your natural rate of healing is unusually fast.
You are covered in fur. (AC +1)
You have very tough skin. (AC +2)


Message History

The five-headed hydra is moderately wounded.
The five-headed hydra bites you.
The five-headed hydra bites you but does no damage.
The five-headed hydra bites you! The five-headed hydra bites you.
* * * LOW HITPOINT WARNING * * *
The five-headed hydra barely misses you.
Uskayaw will force your foes to helplessly watch your dance.
Uskayaw prepares the audience for your solo!
The helpless five-headed hydra fails to defend itself.
You hit the five-headed hydra. You burn the five-headed hydra.
The five-headed hydra is heavily wounded.
The five-headed hydra is no longer paralysed.
The five-headed hydra bites you.
* * * LOW HITPOINT WARNING * * *
The five-headed hydra bites you but does no damage.
The five-headed hydra bites you!
* * * LOW HITPOINT WARNING * * *
The five-headed hydra bites you but does no damage.
The five-headed hydra bites you!
You die...

#.....#.#########..#####
#.....#...)### #..#
#.....####...####..# ##
#.....#............# #.
#########.....#............####.
#.............#.##...[####....##
#.#########.....#.(....##......#
#.# #..#.#.(..#.......#... #†#
#<.#.@D.####....####.. #>#
#####..###..####....####.. #.#
#..†...# #...#.......#.... #.#
#.####.# ##......##......#
#.#####.####.# #.....####....##
#............# #.#..#.##.#####
#######.###### #.#..##..## ##
#.# #'#####..# #. #.# #....#####
#.


You could see a five-headed hydra.

Vanquished Creatures
  The ghost of aggelon the Archer, a novice MiFi of Elyvilon (D:8)
  Pikel (D:5)
  Prince Ribbit (D:8)
  A two-headed ogre (D:7)
  A hippogriff (D:8)
  Sigmund (D:3)
  Eustachio (D:4)
  Menkaure (D:5)
  Edmund (D:5)
  2 hungry ghosts
  A sky beast (D:8)
  5 orc warriors
  A slave (D:5)
  An ice beast (D:8)
  An ogre (D:6)
  A necrophage (D:6)
  A centaur (D:6)
  A big kobold (D:7)
  6 bullfrogs
  10 killer bees
  9 wights
  A howler monkey (D:8)
  A crimson imp (D:5)
  A centaur zombie (D:8)
  2 quasits
  6 orc priests
  Crazy Yiuf (D:3)
  3 hounds
  2 jellies
  11 orc wizards
  A centaur skeleton (D:4)
  An iguana (D:5)
  7 worker ants
  9 big kobold zombies (Ossuary)
  A mummy (Ossuary)
  A worker ant zombie (D:5)
  4 gnolls (D:6)
  12 adders
  3 shadow imps
  An ooze (D:2)
  An adder zombie (D:8)
  An adder skeleton (D:6)
  6 worms
  2 dart slugs
  5 leopard geckos
  29 orcs
  3 spectral bats (Ossuary)
  6 bats
  6 giant cockroaches
  3 gnoll zombies (Ossuary)
  7 goblins
  11 hobgoblins
  10 jackals
  6 quokkas
  A ball python (D:2)
  4 bat simulacra (Ossuary)
  4 frilled lizards
  2 goblin simulacra (Ossuary)
  4 goblin zombies (Ossuary)
  6 hobgoblin zombies (Ossuary)
  A jackal zombie (D:5)
  23 kobolds
  4 kobold simulacra (Ossuary)
  A kobold zombie (Ossuary)
  A leopard gecko zombie (D:6)
  5 orc zombies (Ossuary)
  A quokka skeleton (D:5)
  10 rats
  5 rat simulacra (Ossuary)
  A spectral goblin (Ossuary)
  5 spectral kobolds (Ossuary)
  A spectral orc (D:7)
  3 spectral rats (Ossuary)
294 creatures vanquished.

Vanquished Creatures (others)
  2 goblin zombies (Ossuary)
  A leopard gecko skeleton (D:5)
3 creatures vanquished.

Grand Total: 297 creatures vanquished

Notes
Turn   | Place    | Note
-------+----------+-------------------------------------------
     0 | D:1      | ketsa the Troll Monk began the quest for the Orb.
     0 | D:1      | Reached XP level 1. HP: 22/22 MP: 0/0
     2 | D:1      | Noticed a tengu
     4 | D:1      | Noticed an ogre
     4 | D:1      | Noticed a formicid
     6 | D:1      | Noticed a troll
     8 | D:1      | Noticed a ghoul
     8 | D:1      | Noticed a spriggan
    10 | D:1      | Noticed a vampire
    12 | D:1      | Noticed an octopode
    12 | D:1      | Noticed a merfolk
    14 | D:1      | Noticed a dwarf
    14 | D:1      | Noticed a centaur
    16 | D:1      | Noticed a draconian
    16 | D:1      | Noticed a naga
    18 | D:1      | Noticed a minotaur
    18 | D:1      | Noticed a vine stalker
    20 | D:1      | Noticed a human
    22 | D:1      | Noticed a gargoyle
    22 | D:1      | Noticed a demigod
    24 | D:1      | Noticed an elf
    24 | D:1      | Noticed a demonspawn
    26 | D:1      | Noticed a felid
    26 | D:1      | Noticed a halfling
   216 | D:1      | Reached XP level 2. HP: 27/29 MP: 1/1
   846 | D:2      | Reached XP level 3. HP: 32/36 MP: 2/2
  1154 | D:2      | Reached skill level 4 in Unarmed Combat
  1204 | D:2      | Reached XP level 4. HP: 45/45 MP: 3/3
  1746 | D:3      | Noticed Sigmund
  1876 | D:3      | Reached XP level 5. HP: 53/53 MP: 4/4
  1926 | D:3      | Found an iron altar of Okawaru.
  1927 | D:3      | Found a bloodstained altar of Trog.
  2142 | D:4      | Noticed Eustachio
  2240 | D:3      | Found a runed door.
  2244 | D:3      | Noticed Crazy Yiuf
  2248 | D:3      | Killed Crazy Yiuf
  2248 | D:3      | Reached skill level 5 in Unarmed Combat
  2679 | D:4      | Reached XP level 6. HP: 61/61 MP: 5/5
  2987 | D:5      | Entered Level 5 of the Dungeon
  3122 | D:5      | Found a staircase to the Ecumenical Temple.
  3129 | Temple   | Entered the Ecumenical Temple
  3275 | Temple   | Became a worshipper of Uskayaw the Reveler
  3275 | Temple   | Reached * piety under Uskayaw
  3290 | D:5      | Noticed Menkaure
  3297 | D:5      | Reached ** piety under Uskayaw
  3298 | D:5      | Killed Menkaure
  3298 | D:5      | Reached skill level 6 in Unarmed Combat
  3333 | D:5      | Reached XP level 7. HP: 68/68 MP: 6/6
  3393 | D:5      | Noticed Pikel
  3517 | D:5      | Reached *** piety under Uskayaw
  3522 | D:5      | Reached **** piety under Uskayaw
  3644 | D:5      | Noticed Edmund
  3658 | D:5      | Killed Edmund
  3688 | D:5      | Found Olairr's Magic Scroll Emporium.
  3696 | D:5      | Bought a scroll of remove curse for 36 gold pieces
  4067 | D:5      | Killed Pikel
  4067 | D:5      | Reached skill level 7 in Unarmed Combat
  4067 | D:5      | Reached skill level 1 in Invocations
  4067 | D:5      | Reached XP level 8. HP: 60/79 MP: 6/8
  4324 | D:6      | Reached skill level 8 in Unarmed Combat
  4325 | D:6      | Reached skill level 5 in Fighting
  4481 | D:6      | Found Duaff's Weapon Shoppe.
  4503 | D:6      | Reached skill level 5 in Dodging
  4556 | D:6      | Found a sand-covered staircase.
  4567 | Ossuary  | Entered an ossuary
  4642 | Ossuary  | Reached XP level 9. HP: 88/88 MP: 10/10
  5012 | D:6      | Reached skill level 9 in Unarmed Combat
  5238 | D:7      | Found Fasijafe's Gadget Shop.
  5851 | D:7      | Found a basalt altar of Yredelemnul.
  5899 | D:7      | Found a radiant altar of Vehumet.
  6497 | D:8      | Reached ***** piety under Uskayaw
  6602 | D:8      | Noticed Prince Ribbit
  6622 | D:8      | Reached skill level 10 in Unarmed Combat
  6625 | D:8      | Killed Prince Ribbit
  6626 | D:8      | Reached XP level 10. HP: 46/97 MP: 8/12
  7127 | D:4      | Killed Eustachio
  7218 | D:3      | Killed Sigmund
  7422 | D:8      | Noticed aggelon's ghost (novice MiFi)
  7448 | D:8      | Killed aggelon's ghost
  7460 | D:8      | Noticed a five-headed hydra
  7510 | D:7      | Reached skill level 5 in Invocations
  7913 | D:8      | Noticed Joseph
  7930 | D:7      | Reached skill level 11 in Unarmed Combat
  8165 | D:8      | Slain by a five-headed hydra

Skill      XL: |  1  2  3  4  5  6  7  8  9 10 |
---------------+-------------------------------+-----
Fighting       | 3 4 5 6 |  6.8
Unarmed Combat | 4 5 6 7 8 10 11 | 11.0
Dodging        | 3 4 5 6 |  6.6
Invocations    | 1 2 4 5 |  5.3
Short Blades   | |  0.8
Stealth        | |  1.0

Action                   |  1- 3 |  4- 6 |  7- 9 | 10-12 || total
-------------------------+-------+-------+-------+-------++-------
Melee: Unarmed           |    96 |   230 |   412 |   150 ||   888
       Punch             |     2 |     3 |    16 |     6 ||    27
       Short sword       |       |       |       |     3 ||     3
Throw: Tomahawk          |     1 |       |       |     2 ||     3
Invok: Stomp             |       |       |     4 |     1 ||     5
  Use: Potion            |       |     3 |       |     1 ||     4
       Scroll            |       |     3 |    11 |       ||    14
 Stab: Sleeping          |     2 |     3 |     3 |     2 ||    10
       Distracted        |       |     2 |     1 |       ||     3
       Paralysed         |       |       |    13 |     4 ||    17
  Eat: Chunk             |    16 |    19 |    35 |    19 ||    89
Armor: Robe              |    34 |    70 |   135 |    66 ||   305
Dodge: Dodged            |    45 |   105 |   244 |   163 ||   557
